 Dungeon Crawl Stone Soup version 0.29-a0-620-g13ace881f2 (webtiles) character file.

Game seed: 7980669667084523322

63 Gwenloh the Skirmisher (level 3, -8/36 HPs)
             Began as a Troll Abyssal Knight on June 18, 2022.
             Was a Believer of Lugonu.
             Killed by nerve-wracking pain
             ... invoked by Grinder
              (14 damage)
             ... on level 3 of the Dungeon.
             The game lasted 00:04:28 (1977 turns).

Gwenloh the Skirmisher (Troll Abyssal Knight)       Turns: 1977, Time: 00:04:28

Health: -8/36      AC:  4    Str: 21    XL:     3   Next: 87%
Magic:  3/3        EV: 10    Int:  6    God:    Lugonu [**....]
Gold:   54         SH:  0    Dex: 12    Spells: 2/2 levels left

rFire   . . .      SeeInvis .   g - +1 whip (holy)
rCold   . . .      Faith    .   (no shield)
rNeg    . . .      Spirit   .   b - +0 robe
rPois   .          Reflect  .   (helmet restricted)
rElec   .          Harm     .   (no cloak)
rCorr   .          Rampage  .   (gloves unavailable)
Will    .....                   (boots unavailable)
Stlth   +.........              (no amulet)
HPRegen 0.92/turn               (no ring)
MPRegen 0.08/turn               (no ring)

@: invisible
A: large, unfitting armour, claws 3, regeneration 1, shaggy fur 1, tough skin 1
a: Renounce Religion, Depart the Abyss, Bend Space


You were on level 3 of the Dungeon.
You worshipped Lugonu.
Lugonu was pleased with you.
You visited 1 branch of the dungeon, and saw 3 of its levels.
You visited the Abyss 1 time.

You collected 54 gold pieces.

Inventory:

Hand Weapons
 a - a +1 mace
 g - a +1 whip of holy wrath (weapon)
Missiles
 e - 39 stones (quivered)
 o - a throwing net
Armour
 b - a +0 robe (worn)
Jewellery
 c - a ring of willpower
Scrolls
 d - 2 scrolls of acquirement {unknown}
 f - 3 scrolls of enchant weapon {unknown}
 i - a scroll of summoning {unknown}
 j - 5 scrolls of identify {unknown}
 k - a scroll of immolation {unknown}
 l - a scroll of magic mapping {unknown}
 w - a scroll of vulnerability {unknown}
Potions
 h - a potion of flight {unknown}
 m - a potion of berserk rage {unknown}
 n - a potion of brilliance {unknown}
 p - 2 potions of curing
 q - a potion of lignification {unknown}
 r - a potion of attraction {unknown}
 s - a potion of degeneration {unknown}
 t - a potion of might {unknown}
 u - a potion of invisibility
 v - a potion of cancellation {unknown}


   Skills:
 + Level 2.8 Fighting
 + Level 2.3 Maces & Flails
 + Level 1.0 Throwing
 + Level 2.3 Dodging
 + Level 2.2 Invocations


You had 2 spell levels left.
You didn't know any spells.
Your spell library contained the following spells:

 Spells                   Type           Power      Damage    Failure   Level
 Blink                    Tloc           0%         N/A       58%         2
 Lesser Beckoning         Tloc           0%         N/A       83%         3
 Manifold Assault         Tloc           0%         N/A       100%        5


Dungeon Overview and Level Annotations

Branches:
Dungeon (3/15)

Altars:

Annotations:
D:3 Grinder


Innate Abilities, Weirdness & Mutations

You are too large for most types of armour.
You have claws for hands.
Your natural rate of healing is unusually fast.
You are covered in fur. (AC +1)
You have tough skin. (AC +1)


Message History

Lugonu accepts your kill.
Found a stone staircase leading down.
No target in view!
You now have 54 gold pieces (gained 7).
Found a shiny orb.
Grinder comes into view.
Grinder shouts!
Grinder blinks!
Grinder moves out of view.
e - 38 stones (gained 1)
You see here 2 stones.
e - 40 stones (gained 2) Grinder gestures at you.
You suddenly lose the ability to move!
You can move again.
You throw a stone. The stone closely misses Grinder.
You closely miss Grinder. Grinder hits you.
You writhe in agony.
You closely miss Grinder. Grinder hits you.
You writhe in agony.
You barely miss Grinder. Grinder barely misses you.
You closely miss Grinder. Grinder hits you but does no damage.
You hit Grinder.
Grinder convulses.
Grinder is moderately wounded.
Grinder hits you.
You writhe in agony.
You whack Grinder!
Grinder convulses.
Grinder is heavily wounded.
Grinder drinks a potion.
Grinder is healed!
You closely miss Grinder.
Grinder is moderately wounded.
Grinder gestures at you. You resist with significant effort.
You barely miss Grinder.
Grinder is moderately wounded.
Grinder hits you!
* * * LOW HITPOINT WARNING * * *
You writhe in agony.
* * * LOW HITPOINT WARNING * * *
It was a potion of invisibility.
You fade into invisibility!
Grinder gestures at you. Pain shoots through your body!
You die...

..##...##. . .###.#.#..
##..##.... ##
#.#.#.###..?#.....
####......##.....[..
...................
#### #.......###.###
#.#...#.....# .
###)##..#.....#....
#####..........@5.....(
#[....##....#.....#.##.
##.##.###....#.....#
...#..# #....###.###
####.## #.......... #
#. ########...# #.
#.### #. #.# ##


You could see Grinder (can't see you).

Vanquished Creatures
  2 adders (D:3)
  3 worms
  A dart slug (D:2)
  4 ball pythons
  5 endoplasms
  A giant cockroach (D:2)
  A goblin (D:3)
  4 hobgoblins
  2 jackals (D:2)
  3 kobolds
  A quokka (D:3)
  3 bats
  3 frilled lizards
  A rat (D:2)
34 creatures vanquished.

Notes
Turn   | Place    | Note
-------+----------+-------------------------------------------
     0 | Abyss:1  | Gwenloh the Troll Abyssal Knight began the quest for the
                  | Orb.
     0 | Abyss:1  | Reached XP level 1. HP: 22/22 MP: 1/1
    38 | Abyss:1  | Noticed a jelly
    39 | D:1      | Escaped the Abyss
   619 | D:1      | Reached XP level 2. HP: 24/29 MP: 2/2
   686 | D:1      | Found a faded altar of an unknown god.
   822 | D:2      | Reached ** piety under Lugonu
  1604 | D:2      | Reached XP level 3. HP: 26/36 MP: 3/3
  1917 | D:3      | Reached skill level 1 in Throwing
  1961 | D:3      | Noticed Grinder
  1965 | D:3      | Paralysed by Grinder for 3 turns
  1977 | D:3      | Killed from afar by Grinder

Illustrated notes

Levels and vault maps discovered:
D:1:      ncdulo_smallfort, layout_loops_cross,
          hellmonk_ecumenical_altar_inner_sanctum
D:2:      layout_basic
D:3:      layout_rooms, st_stairs_3, kennysheep_generic_room_6, uniq_grinder

Skill      XL: |  1  2  3 |
---------------+----------+-----
Dodging        | 2 |  2.3
Maces & Flails | 2 |  2.3
Invocations    | 2 |  2.2
Throwing       | 1 |  1.0
Fighting       | |  2.8

Action                   || total
-------------------------++-------
Melee: Whip              ||   107
       Mace              ||     3
Throw: Stone             ||   103
Invok: Depart the Abyss  ||     1
  Use: Potion            ||     1
Armor: Robe              ||    18
Dodge: Dodged            ||    39

Table legend: (Time is in decaauts)
 A = Elapsed time spent in this place.
 B = Non-inter-level travel time spent in this place.
 C = Inter-level travel time spent in this place.
 D = Time resting spent in this place.
 E = Time spent auto-exploring this place.
 F = Levels seen in this place.
 G = Mean time per level.
                   A        B        C        D        E       F      G
               +--------+--------+--------+--------+--------+-----+--------+
         Total |   1984 |   1962 |     22 |      0 |   1594 |   4 |  496.0 |
       Dungeon |   1944 |   1922 |     22 |      0 |   1562 |   3 |  648.0 |
         Abyss |     39 |     39 |      0 |      0 |     32 |   1 |   39.0 |
               +--------+--------+--------+--------+--------+-----+--------+

Top non-repeatable levels by time:
     D:2: 982 daAuts
     D:1: 756 daAuts
     D:3: 205 daAuts
 Abyss:1: 39 daAuts
